 Dungeon Crawl Stone Soup version 0.27-a0-1242-ge70438ac7b (webtiles) character file.

Game seed: 16148135644582744183

1127 Glokmah the Stinger (level 8, 0/58 HPs)
             Began as a Demonspawn Venom Mage on June 9, 2021.
             Was a Follower of Cheibriados.
             Slain by a troll (2 damage)
             ... on level 4 of the Dungeon.
             The game lasted 00:13:20 (6174 turns).

Glokmah the Stinger (Demonspawn Venom Mage)         Turns: 6174, Time: 00:13:20

Health: 0/58       AC:  6    Str: 13    XL:     8   Next: 13%
Magic:  11/13      EV: 12    Int: 21    God:    Cheibriados [*.....]
Gold:   236        SH:  4    Dex: 16    Spells: 1/14 levels left

rFire    . . .     SeeInvis .   a - +1 trident
rCold    + . .     Faith    .   (no shield)
rNeg     . . .     Spirit   .   w - +0 leather armour
rPois    .         Reflect  .   (helmet restricted)
rElec    .         Harm     .   (no cloak)
rCorr    .         Rampage  .   l - +2 pair of gloves
Will     +....                  (no boots)
Stlth    ++........             (no amulet)
HPRegen  0.19/turn              d - ring of willpower
MPRegen  0.13/turn              s - ring of protection from cold

@: mighty, very slow
A: horns 1, powered by pain 1, sturdy frame 1, condensation shield
a: Renounce Religion, Bend Time


You were on level 4 of the Dungeon.
You worshipped Cheibriados.
Cheibriados was aware of your devotion.
You visited 1 branch of the dungeon, and saw 5 of its levels.

You collected 236 gold pieces.

Inventory:

Hand Weapons
 a - a +1 trident (weapon)
 b - a +0 mace
 n - a +0 shortbow
 r - a +1 vampiric dagger
Missiles
 i - 6 boomerangs (quivered)
 p - 37 arrows
 u - 39 poisoned darts
Armour
 h - a +0 robe
 l - a +2 pair of gloves (worn)
 w - a +0 leather armour (worn)
Magical Staves
 c - a staff of air
Jewellery
 d - a ring of willpower (left hand)
 s - a ring of protection from cold (right hand)
Scrolls
 g - a scroll of teleportation
Potions
 e - a potion of degeneration {unknown}
 f - 2 potions of magic
 j - a potion of might {unknown}
 m - 2 potions of flight
 o - 3 potions of curing
 q - a potion of cancellation
 v - a potion of haste {unknown}


   Skills:
 + Level 3.3 Fighting
 - Level 1.7 Dodging
 - Level 1.7 Stealth
 + Level 3.8 Spellcasting
 + Level 2.3 Conjurations
 - Level 3.0 Transmutations
 - Level 2.0 Fire Magic
 - Level 2.0 Air Magic
 * Level 6.0 Poison Magic
 + Level 3.2 Invocations


You had one spell level left.
You knew the following spells:

 Your Spells              Type           Power      Damage    Failure   Level
a - Sting                 Tmut/Pois      88%        1d7       1%          1
b - Poisonous Vapours     Pois/Air       40%        N/A       3%          2
c - Ignite Poison         Fire/Tmut/Pois 19%        N/A       9%          3
d - Mephitic Cloud        Conj/Pois/Air  18%        N/A       10%         3
e - Olgreb's Toxic Radia  Pois           29%        N/A       11%         4

Your spell library contained the following spells:

 Spells                   Type           Power      Damage    Failure   Level
 Animate Skeleton         Necr           8%         N/A       13%         1
 Apportation              Tloc           8%         N/A       13%         1
 Corona                   Hex            4%         N/A       13%         1
 Summon Small Mammal      Summ           16%        N/A       13%         1


Dungeon Overview and Level Annotations

Branches:
Dungeon (5/15)
 Temple: D:4-7

Altars:
Cheibriados
Kikubaaqudgha
Yredelemnul

Annotations:
D:5 Grinder, Menkaure


Innate Abilities, Weirdness & Mutations

You have a pair of small horns on your head.
You sometimes gain a little power by taking damage.
Your movements are slightly less encumbered by armour. (ER -2)
A meltable shield of frost defends you. (SH +4)


Message History

You ignite the poison in your surroundings!
The scorpion seems to burn from within!!!
You kill the scorpion!
Cheibriados appreciates the change of pace.
Your Poison Magic skill increases to level 6!
You start resting.
HP restored.
You start resting.
Magic restored.
You start removing your armour.
You continue taking off your +0 robe. x4
You finish taking off your +0 robe.
You start putting on your armour.
You continue putting on your +0 leather armour. x5
You finish putting on your +0 leather armour.
There is a stone staircase leading down here.
You climb downwards.
Level annotation: Grinder, Menkaure The troll bites you but does no damage.
The troll closely misses you. The troll claws you!
There is a stone staircase leading up here.
The troll closely misses you. The troll barely misses you.
The troll claws you but does no damage.
You climb upwards.
There is a stone staircase leading down here.
The troll bites you!
You focus on the pain.
You feel very mighty all of a sudden. The troll claws you but does no damage.
The troll claws you! The troll barely misses you. You block the troll's attack.
The troll claws you!
Casting: Ignite Poison (dangerous; 9% risk of failure)
Confirm with . or Enter, or press ? or * to list all spells.
Aiming: Poisonous Vapours (safe; 3% risk of failure)
Press: ? - help, Dir - move target, f - troll
Aim: a troll Poisonous vapours surround the troll!
The troll is engulfed in poison gas.
The troll is poisoned.
The troll bites you!
* * * LOW HITPOINT WARNING * * *
You focus on the pain.
You feel mightier all of a sudden. The troll claws you.
You die...

#.###.##.####.......##....##
#..#(.##..#####.....#####..###
...#.####..###......######...####
.#.).#####..#..###.........#.....
...>......#...## #..######....###
.....####....## #.......##.#....
.....# ##..## #..........#....
.....#####..######.........######
.....#..........@..........#
)..............T##.........#
................##.........#
.....##....[....##.........#
.....##........>##.........#
.....##.........##.........#
##################.........#
#.........# #.........#


You could see a troll (poisoned).

Vanquished Creatures
  A water moccasin (D:5)
  A black bear (D:4)
  The ghost of Froggeryz the Chopper, an amateur PaGl (D:3)
  2 centaurs
  A phantom (D:4)
  3 scorpions (D:4)
  2 hounds (D:5)
  A jelly (D:4)
  2 orc priests
  An iguana (D:4)
  3 orc wizards
  A hound skeleton (D:4)
  3 gnolls (D:2)
  5 adders
  A white imp (D:4)
  3 worms
  2 dart slugs
  16 orcs
  2 bat zombies (D:4)
  7 endoplasms
  6 giant cockroaches
  7 hobgoblins
  6 jackals
  3 quokkas
  8 ball pythons
  3 bats
  A frilled lizard (D:1)
  3 goblins
  4 kobolds
  8 rats
  A rat zombie (D:4)
108 creatures vanquished.

Notes
Turn   | Place    | Note
-------+----------+-------------------------------------------
     0 | D:1      | Glokmah the Demonspawn Venom Mage began the quest for the
                  | Orb.
     0 | D:1      | Reached XP level 1. HP: 13/13 MP: 3/3
   190 | D:1      | Reached skill level 1 in Transmutations
   386 | D:1      | Gained mutation: A meltable shield of frost defends you.
                  | (SH +4) [demonic ancestry]
   386 | D:1      | Reached XP level 2. HP: 12/20 MP: 3/5
   529 | D:1      | Learned a level 2 spell: Poisonous Vapours
  1231 | D:2      | Gained mutation: You sometimes gain a little power by
                  | taking damage. [demonic ancestry]
  1231 | D:2      | Reached XP level 3. HP: 24/25 MP: 3/6
  1522 | D:2      | Reached skill level 1 in Fighting
  1767 | D:2      | Learned a level 3 spell: Ignite Poison
  2131 | D:2      | Reached skill level 1 in Air Magic
  2131 | D:2      | Reached XP level 4. HP: 32/32 MP: 0/7
  2871 | D:3      | Found a runed translucent door.
  2871 | D:3      | Noticed Froggeryz's ghost (amateur PaGl)
  2898 | D:3      | Reached skill level 4 in Poison Magic
  3098 | D:3      | Gained mutation: You have a pair of small horns on your
                  | head. [demonic ancestry]
  3098 | D:3      | Reached XP level 5. HP: 37/37 MP: 2/8
  3567 | D:3      | Learned a level 3 spell: Mephitic Cloud
  3612 | D:3      | Killed Froggeryz's ghost
  3613 | D:3      | Reached skill level 1 in Fire Magic
  3707 | D:4      | Gained mutation: Your movements are slightly less
                  | encumbered by armour. (ER -2) [demonic ancestry]
  3707 | D:4      | Reached XP level 6. HP: 28/44 MP: 2/10
  4035 | D:4      | Found a snail-covered altar of Cheibriados.
  4039 | D:4      | Found a basalt altar of Yredelemnul.
  4057 | D:4      | Became a worshipper of Cheibriados the Contemplative
  4204 | D:4      | Reached skill level 1 in Invocations
  4513 | D:4      | Reached skill level 5 in Poison Magic
  4596 | D:4      | Reached XP level 7. HP: 51/51 MP: 4/11
  4720 | D:4      | Reached skill level 1 in Conjurations
  4886 | D:4      | Reached * piety under Cheibriados
  4895 | D:4      | Found an ancient bone altar of Kikubaaqudgha.
  5052 | D:5      | Entered Level 5 of the Dungeon
  5071 | D:5      | Noticed Grinder
  5071 | D:5      | Noticed a troll
  5908 | D:4      | Learned a level 4 spell: Olgreb's Toxic Radiance
  5923 | D:5      | Reached XP level 8. HP: 53/58 MP: 1/13
  5923 | D:5      | Noticed Menkaure
  6101 | D:4      | Reached skill level 6 in Poison Magic
  6174 | D:4      | HP: 2/58 [troll (17)]
  6174 | D:4      | Slain by a troll

Illustrated notes

Levels and vault maps discovered:
D:1:      shiori_arrival_oz, layout_rooms, minmay_ruptured
D:2:      layout_basic, minmay_misc_feat_plants, minmay_box_of_dots
D:3:      layout_basic, hellmonk_ghost_happy_afterlife
D:4:      layout_rooms, lemuel_zombie_altar_kikubaaqudgha, minitemple
D:5:      layout_cave_pools, kennysheep_mini, gammafunk_ghost_smash,
          kennysheep_big_empty_room, uniq_menkaure, uniq_grinder

Skill      XL: |  1  2  3  4  5  6  7  8 |
---------------+-------------------------+-----
Transmutations | 1 2 3 |  3.0
Fighting       | 1 2 3 |  3.3
Air Magic      | 1 2 |  2.0
Poison Magic   | 4 5 6 |  6.0
Fire Magic     | 1 2 |  2.0
Spellcasting   | 3 |  3.8
Invocations    | 1 2 3 |  3.2
Conjurations   | 2 |  2.3
Dodging        | |  1.7
Stealth        | |  1.7

Action                   |  1- 3 |  4- 6 |  7- 9 || total
-------------------------+-------+-------+-------++-------
Melee: Mace              |    23 |     7 |       ||    30
       Staff             |     7 |    12 |       ||    19
       Spear             |    29 |       |       ||    29
       Trident           |       |    35 |    50 ||    85
       Headbutt          |       |     3 |     7 ||    10
Throw: Boomerang         |     2 |     2 |       ||     4
 Cast: Sting             |    27 |    14 |    28 ||    69
       Poisonous Vapours |    19 |    37 |    18 ||    74
       Ignite Poison     |       |     4 |     7 ||    11
       Mephitic Cloud    |       |     2 |       ||     2
       Olgreb's Toxic Ra |       |       |     1 ||     1
  Use: Scroll            |       |     6 |     3 ||     9
 Stab: Sleeping          |     1 |     2 |       ||     3
Armor: Robe              |    12 |    14 |    18 ||    44
       Leather armour    |       |       |     3 ||     3
Dodge: Dodged            |    37 |    23 |    56 ||   116
Block: Other             |     5 |     7 |    15 ||    27

Table legend: (Time is in decaauts)
 A = Elapsed time spent in this place.
 B = Non-inter-level travel time spent in this place.
 C = Inter-level travel time spent in this place.
 D = Time resting spent in this place.
 E = Time spent auto-exploring this place.
 F = Levels seen in this place.
 G = Mean time per level.
                   A        B        C        D        E       F      G
               +--------+--------+--------+--------+--------+-----+--------+
         Total |   6413 |   5965 |    448 |   1717 |   3121 |   5 | 1282.6 |
       Dungeon |   6413 |   5965 |    448 |   1717 |   3121 |   5 | 1282.6 |
               +--------+--------+--------+--------+--------+-----+--------+

Top non-repeatable levels by time:
     D:4: 2321 daAuts
     D:2: 1628 daAuts
     D:1: 1181 daAuts
     D:3: 1042 daAuts
     D:5: 240 daAuts
